 Dungeon Crawl Stone Soup version 0.28-a0-664-gc179e30c89 (webtiles) character file.

Game seed: 14930247287855226491

85 Drevant2 the Stinger (level 4, -1/24 HPs)
             Began as a Deep Elf Venom Mage on Oct 16, 2021.
             Slain by Grinder (2 damage)
             ... on level 3 of the Dungeon.
             The game lasted 00:07:56 (2321 turns).

Drevant2 the Stinger (Deep Elf Venom Mage)          Turns: 2321, Time: 00:07:56

Health: -1/24      AC:  2    Str:  5    XL:     4   Next: 25%
Magic:  6/10       EV: 12    Int: 21    God:
Gold:   54         SH:  0    Dex: 15    Spells: 1/9 levels left

rFire   . . .      SeeInvis .   d - +0 short sword
rCold   . . .      Faith    .   (no shield)
rNeg    . . .      Spirit   .   a - +0 robe
rPois   .          Reflect  .   (no helmet)
rElec   .          Harm     .   k - scarf {shadows}
rCorr   .          Rampage  .   (no gloves)
Will    .....                   (no boots)
Stlth   ++........              (no amulet)
HPRegen 0.08/turn               (no ring)
MPRegen 0.12/turn               (no ring)

@: no status effects
A: no striking features
a: no special abilities


You were on level 3 of the Dungeon.
You visited 1 branch of the dungeon, and saw 3 of its levels.

You collected 114 gold pieces.
You spent 60 gold pieces at shops.

Inventory:

Hand Weapons
 b - a +0 dagger
 d - a +0 short sword (weapon)
Armour
 a - a +0 robe (worn)
 k - a scarf of shadows (worn)
Jewellery
 f - an amulet of reflection
Wands
 i - a wand of flame (9)
Scrolls
 e - 2 scrolls of amnesia
 g - a scroll of blinking {unknown}
 h - a scroll of teleportation
Potions
 j - a potion of cancellation


   Skills:
 - Level 2.4 Dodging
 - Level 2.4 Stealth
 - Level 3.0 Spellcasting
 * Level 2.5 Transmutations
 - Level 5.1 Poison Magic


You had one spell level left.
You knew the following spells:

 Your Spells              Type           Power      Damage    Failure   Level
a - Sting                 Tmut/Pois      76%        1d6       2%          1
b - Spider Form           Tmut/Pois      9%         N/A       9%          3
c - Olgreb's Toxic Radia  Pois           24%        N/A       16%         4

Your spell library contained the following spells:

 Spells                   Type           Power      Damage    Failure   Level
 Beastly Appendage        Tmut           26%        N/A       4%          1
 Poisonous Vapours        Pois/Air       26%        N/A       7%          2
 Wereblood                Tmut           13%        N/A       7%          2
 Static Discharge         Conj/Air       3%         N/A       21%         2
 Mephitic Cloud           Conj/Pois/Air  10%        N/A       21%         3
 Lightning Bolt           Conj/Air       1%         1d12      98%         5
 Maxwell's Capacitive Co  Air            1%         ∞         100%        8


Dungeon Overview and Level Annotations

Branches:
Dungeon (3/15)

Altars:

Shops:
D:1 ?

Annotations:
D:3 Grinder


Message History

Aim: Grinder (71% to hit)
The sting hits Grinder.
Grinder partially resists.
Grinder is lightly wounded.
Grinder hits you.
Casting: Sting (safe; 2% risk of failure)
Confirm with . or Enter, or press ? or * to list all spells.
Aiming: Sting (safe; 2% risk of failure)
Press: ? - help, Shift-Dir - straight line, f/p - Grinder
Aim: Grinder (lightly wounded, 71% to hit)
The sting hits Grinder.
Grinder partially resists.
Grinder is poisoned.
Grinder is lightly wounded.
Grinder hits you.
You writhe in agony.
* * * LOW HITPOINT WARNING * * *
You feel much better.
Grinder says, "I used to sell toenails on the black market."
Grinder hits you.
You writhe in agony.
Casting: Sting (safe; 2% risk of failure)
Confirm with . or Enter, or press ? or * to list all spells.
Aiming: Sting (safe; 2% risk of failure)
Press: ? - help, Shift-Dir - straight line, f/p - Grinder
Aim: Grinder (lightly wounded, poisoned, 71% to hit)
The sting hits Grinder.
Grinder partially resists.
Grinder looks even sicker.
Grinder is lightly wounded.
Grinder hits you.
* * * LOW HITPOINT WARNING * * *
You writhe in agony.
* * * LOW HITPOINT WARNING * * *
Unknown command.
Casting: Sting (safe; 2% risk of failure)
Confirm with . or Enter, or press ? or * to list all spells.
Aiming: Sting (safe; 2% risk of failure)
Press: ? - help, Shift-Dir - straight line, f/p - Grinder
Aim: Grinder (lightly wounded, very poisoned, 71% to hit)
The sting hits Grinder but does no damage.
Grinder looks even sicker.
Grinder is lightly wounded.
Grinder hits you!
* * * LOW HITPOINT WARNING * * *
You writhe in agony.
You die...

# .# .###.
###########.....
#............... ##
#.......5@......
...####....(..........
....§...[.........#.#+
...?..............# #
..#.#.............# #
#.#.............
###..........##.#
###+######## .#


You could see Grinder (very poisoned).

Vanquished Creatures
  Natasha (twice) (D:2)
  A bat (D:2)
  4 endoplasms
  3 giant cockroaches
  6 goblins
  A hobgoblin (D:1)
  9 kobolds
  4 frilled lizards
  3 rats
33 creatures vanquished.

Vanquished Creatures (others)
  17 plants (D:1)
17 creatures vanquished.

Grand Total: 50 creatures vanquished

Notes
Turn   | Place    | Note
-------+----------+-------------------------------------------
     0 | D:1      | Drevant2 the Deep Elf Venom Mage began the quest for the
                  | Orb.
     0 | D:1      | Reached XP level 1. HP: 10/10 MP: 6/6
    24 | D:1      | Found a faded altar of an unknown god.
   330 | D:1      | Reached skill level 4 in Poison Magic
   330 | D:1      | Reached XP level 2. HP: 15/15 MP: 4/8
   686 | D:1      | Found Ticrut's Magic Scroll Emporium.
   692 | D:1      | Bought a scroll of identify for 24 gold pieces
  1438 | D:1      | Bought a scroll of teleportation for 36 gold pieces
  1494 | D:2      | Noticed Natasha
  1503 | D:2      | Killed Natasha
  1504 | D:2      | Reached skill level 5 in Poison Magic
  1504 | D:2      | Reached XP level 3. HP: 12/19 MP: 3/9
  1624 | D:2      | Learned a level 3 spell: Spider Form
  1628 | D:2      | Noticed Natasha
  2030 | D:2      | Killed Natasha
  2031 | D:2      | Reached XP level 4. HP: 7/24 MP: 5/10
  2269 | D:2      | Learned a level 4 spell: Olgreb's Toxic Radiance
  2306 | D:3      | Noticed Grinder
  2321 | D:3      | HP: 1/24 [Grinder (9)]
  2321 | D:3      | Slain by Grinder

Illustrated notes

Levels and vault maps discovered:
D:1:      dpeg_arrival_fog, layout_basic, serial_shops, nicolae_shop_stone,
          serial_bayou, serial_bayou_lagoon_a, serial_bayou_shore_a,
          serial_bayou_pond_c, serial_bayou_pond_a,
          ebering_ecumenical_altar_sacrificial, chequers_serial_rivers_marsh
D:2:      layout_rooms, minmay_misc_feat_ornament, uniq_natasha
D:3:      layout_basic, uniq_robin, uniq_ijyb, uniq_grinder

Skill      XL: |  1  2  3 |
---------------+----------+-----
Poison Magic   | 4 5 |  5.1
Transmutations | 2 |  2.5
Dodging        | |  2.4
Stealth        | |  2.4
Spellcasting   | |  3.0

Action                   |  1- 3 |  4- 6 || total
-------------------------+-------+-------++-------
Melee: Dagger            |     6 |       ||     6
       Unarmed           |     1 |       ||     1
       Short sword       |    37 |       ||    37
 Cast: Sting             |    54 |     4 ||    58
  Use: Scroll            |     3 |       ||     3
       Potion            |       |     1 ||     1
 Stab: Sleeping          |     1 |       ||     1
Armor: Robe              |     5 |       ||     5
Dodge: Dodged            |    32 |       ||    32

Table legend: (Time is in decaauts)
 A = Elapsed time spent in this place.
 B = Non-inter-level travel time spent in this place.
 C = Inter-level travel time spent in this place.
 D = Time resting spent in this place.
 E = Time spent auto-exploring this place.
 F = Levels seen in this place.
 G = Mean time per level.
                   A        B        C        D        E       F      G
               +--------+--------+--------+--------+--------+-----+--------+
         Total |   2354 |   2138 |    216 |    980 |    687 |   3 |  784.7 |
       Dungeon |   2354 |   2138 |    216 |    980 |    687 |   3 |  784.7 |
               +--------+--------+--------+--------+--------+-----+--------+

Top non-repeatable levels by time:
     D:1: 1458 daAuts
     D:2: 870 daAuts
     D:3: 25 daAuts
